 Dungeon Crawl Stone Soup version 0.29-a0-994-gc5c9f59d18 (webtiles) character file.

Game seed: 8315389158819740952

417 jlumianski the Chopper (level 6, -3/47 HPs)
             Began as a Demonspawn Gladiator on Aug 4, 2022.
             Slain by an orc priest
             ... wielding a +0 mace
              (7 damage)
             ... on level 5 of the Dungeon.
             The game lasted 00:10:34 (3407 turns).

jlumianski the Chopper (Demonspawn Gladiator)       Turns: 3407, Time: 00:10:37

Health: -3/47      AC:  8    Str: 16    XL:     6   Next: 61%
Magic:  6/6        EV: 12    Int: 10    God:
Gold:   140        SH:  0    Dex: 14    Spells: 5/5 levels left

rFire   . . .      SeeInvis .   a - +0 war axe
rCold   . . .      Faith    .   (no shield)
rNeg    . . .      Spirit   .   g - +0 scale mail
rPois   .          Reflect  .   c - +0 helmet
rElec   .          Harm     .   u - +0 cloak
rCorr   +          Rampage  .   (no gloves)
Will    .....                   (no boots)
Stlth   +.........              x - amulet of the acrobat
HPRegen 0.15/turn               C - ring of resist corrosion
MPRegen 0.10/turn               (no ring)

@: no status effects
A: sturdy frame 2, weakness stinger 2
a: no special abilities


You were on level 5 of the Dungeon.
You visited 1 branch of the dungeon, and saw 5 of its levels.

You collected 140 gold pieces.

Inventory:

Hand Weapons
 a - a +0 war axe (weapon)
 m - a +1 spear of flaming
 p - a +3 dagger
 q - a +0 sling
 w - a +0 club
Missiles
 d - 3 throwing nets
 e - a javelin
 l - 29 stones
 o - 6 poisoned darts (quivered)
Armour
 b - a +0 leather armour
 c - a +0 helmet (worn)
 g - a +0 scale mail (worn)
 u - a +0 cloak (worn)
Magical Staves
 i - a staff of fire
Jewellery
 x - an amulet of the acrobat (around neck)
 C - a ring of resist corrosion (left hand)
Scrolls
 f - a scroll of immolation {unknown}
 n - a scroll of enchant armour {unknown}
 v - a scroll of identify {unknown}
 y - a scroll of blinking {unknown}
Potions
 h - a potion of berserk rage {unknown}
 j - a potion of heal wounds {unknown}
 k - a potion of might {unknown}
 r - a potion of attraction {unknown}
 s - a potion of flight
 t - a potion of brilliance {unknown}
 z - a potion of lignification {unknown}
 A - a potion of ambrosia {unknown}
 B - a potion of mutation {unknown}
 D - a potion of resistance {unknown}


   Skills:
 + Level 3.2 Fighting
 + Level 5.3 Axes
 + Level 1.8 Throwing
 + Level 2.5 Armour
 + Level 3.3 Dodging
 + Level 0.1 Stealth


You had 5 spell levels left.
You didn't know any spells.
Your spell library contained the following spells:

 Spells                   Type           Power      Damage    Failure   Level
 Foxfire                  Conj/Fire      0%         2x1d4     52%         1
 Shock                    Conj/Air       0%         1d3       52%         1
 Static Discharge         Conj/Air       0%         3-3/arc   65%         2
 Conjure Flame            Conj/Fire      0%         6-21      87%         3
 Inner Flame              Hex/Fire       0%         N/A       87%         3
 Swiftness                Air            0%         N/A       87%         3
 Airstrike                Air            0%         2d(0-16)  99%         4
 Flame Wave               Conj/Fire      0%         2d4       99%         4
 Lightning Bolt           Conj/Air       0%         1d11      100%        5
 Maxwell's Capacitive Co  Air            0%         ∞         100%        8


Dungeon Overview and Level Annotations

Branches:
Dungeon (5/15)
 Temple: D:4-7

Altars:
Fedhas
Kikubaaqudgha
Sif Muna
Xom

Shops:
D:1 :


Innate Abilities, Weirdness & Mutations

Your movements are less encumbered by armour. (ER -4)
You have a tail ending in a sharp stinger.


Message History

There is a stone staircase leading down here.
An orc priest comes into view. It is wielding a +0 mace.
An orc wizard comes into view.
It is wielding a +2 dagger of protection.
The orc wizard shouts!
An orc comes into view. It is wielding a +0 whip.
The orc wizard mumbles some strange words.
The orc wizard flickers and vanishes!
Deactivating autopickup; reactivate with Ctrl-A.
There is a stone staircase leading down here.
The orc priest mumbles some strange prayers to Beogh against you.
Pain shoots through your body!
The orc priest invokes the aid of Beogh against you.
Pain shoots through your body!
You climb downwards.
Reactivating autopickup.
There is a stone staircase leading up here.
You hit the orc priest.
The orc priest is lightly wounded.
The orc priest hits you but does no damage.
You hit the orc priest but do no damage.
You tail-slap the orc priest.
The orc priest is lightly wounded.
The orc priest hits you with a +0 mace.
The orc priest hits you but does no damage.
You hit the orc priest but do no damage.
The orc priest is lightly wounded.
The orc priest hits you but does no damage.
You hit the orc priest.
The orc priest is moderately wounded.
The orc priest hits you with a +0 mace.
You hit the orc priest.
The orc priest is severely wounded.
The orc priest hits you with a +0 mace.
You barely miss the orc priest.
Your tail-slap misses the orc priest.
The orc priest is severely wounded.
The orc priest calls down the wrath of Beogh upon you.
Beogh smites you!
* * * LOW HITPOINT WARNING * * *
The orc priest hits you with a +0 mace!
You die...

##### # #.o@# .##
#.†.##..## ####
#........##
###...##.....#....
...........#......
.~~~..............
~≈≈~~~..######.###
~≈≈≈≈≈~.. .#
~~~≈≈≈~~.# #


You could see an orc priest.

Vanquished Creatures
  A phantom (D:4)
  A bullfrog (D:3)
  A howler monkey (D:4)
  Jessica (D:2)
  An iguana (D:2)
  Robin (D:3)
  6 adders
  A shadow imp (D:5)
  An ufetubus (D:4)
  3 worms
  4 dart slugs
  An orc (D:3)
  6 ball pythons
  4 bats
  9 endoplasms
  5 giant cockroaches
  21 goblins
  6 hobgoblins
  4 jackals
  3 quokkas
  2 frilled lizards (D:1)
  6 kobolds
  4 rats
92 creatures vanquished.

Notes
Turn   | Place    | Note
-------+----------+-------------------------------------------
     0 | D:1      | jlumianski the Demonspawn Gladiator began the quest for the
                  | Orb.
     0 | D:1      | Reached XP level 1. HP: 16/16 MP: 1/1
   466 | D:1      | Gained mutation: You have a small tail. [demonic ancestry]
   466 | D:1      | Reached XP level 2. HP: 20/22 MP: 2/2
   504 | D:1      | Reached skill level 3 in Axes
   716 | D:1      | Found Ribin's Book Boutique.
   720 | D:1      | Reached XP level 3. HP: 27/27 MP: 3/3
  1018 | D:1      | Found a faded altar of an unknown god.
  1167 | D:2      | Reached skill level 1 in Armour
  1371 | D:2      | Gained mutation: You have a tail ending in a sharp stinger.
                  | [demonic ancestry]
  1371 | D:2      | Reached XP level 4. HP: 18/34 MP: 4/4
  1622 | D:2      | Noticed Robin
  2028 | D:3      | Killed Robin
  2298 | D:2      | Noticed Jessica
  2309 | D:2      | Killed Jessica
  2310 | D:2      | Reached skill level 4 in Axes
  2310 | D:2      | Gained mutation: Your movements are slightly less
                  | encumbered by armour. (ER -2) [demonic ancestry]
  2310 | D:2      | Reached XP level 5. HP: 38/39 MP: 5/5
  2357 | D:3      | Found a shimmering altar of Xom.
  2478 | D:3      | Found an ancient bone altar of Kikubaaqudgha.
  2717 | D:4      | Noticed a phantom
  2746 | D:4      | Killed a phantom
  2747 | D:4      | Gained mutation: Your movements are less encumbered by
                  | armour. (ER -4) [demonic ancestry]
  2747 | D:4      | Reached XP level 6. HP: 33/47 MP: 6/6
  2766 | D:4      | Reached skill level 5 in Axes
  3062 | D:3      | Found a shimmering blue altar of Sif Muna.
  3344 | D:5      | Entered Level 5 of the Dungeon
  3364 | D:5      | Found a blossoming altar of Fedhas.
  3407 | D:5      | Slain by an orc priest

Illustrated notes

Levels and vault maps discovered:
D:1:      lemuel_arrival_broad_hall, layout_basic,
          chequers_ecumenical_altar_grove, serial_shops, shop,
          nicolae_hexahallways, st_stairs_11
D:2:      layout_rooms, serial_glass, glass_columns_b, glass_columns_c,
          uniq_robin, uniq_jessica
D:3:      minmay_razor_zed, layout_basic, general_overflow_altar,
          xom_teletrap_fun, mainiacjoe_overflow_six_doors_small,
          kennysheep_decorative_pillar, minmay_strange_pillars
D:4:      layout_basic, st_stairs_7
D:5:      layout_rooms, fedhas_ov_isle_minmay, minmay_holes, uniq_blork_the_orc,
          uniq_ijyb

Skill      XL: |  1  2  3  4  5  6 |
---------------+-------------------+-----
Dodging        | 3 |  3.3
Axes           | 3 4 5 |  5.3
Armour         | 1 2 |  2.5
Fighting       | 3 |  3.2
Throwing       | |  1.8
Stealth        | |  0.1

Action                   |  1- 3 |  4- 6 || total
-------------------------+-------+-------++-------
Melee: War axe           |    84 |   147 ||   231
       Tailslap          |    10 |    23 ||    33
       Punch             |       |     1 ||     1
  Use: Potion            |       |     1 ||     1
Armor: Leather armour    |     6 |       ||     6
       Scale mail        |    37 |    81 ||   118
Dodge: Dodged            |    67 |   113 ||   180

Table legend: (Time is in decaauts)
 A = Elapsed time spent in this place.
 B = Non-inter-level travel time spent in this place.
 C = Inter-level travel time spent in this place.
 D = Time resting spent in this place.
 E = Time spent auto-exploring this place.
 F = Levels seen in this place.
 G = Mean time per level.
                   A        B        C        D        E       F      G
               +--------+--------+--------+--------+--------+-----+--------+
         Total |   3485 |   3419 |     66 |    430 |   1767 |   5 |  697.0 |
       Dungeon |   3485 |   3419 |     66 |    430 |   1767 |   5 |  697.0 |
               +--------+--------+--------+--------+--------+-----+--------+

Top non-repeatable levels by time:
     D:3: 1280 daAuts
     D:1: 1058 daAuts
     D:2: 825 daAuts
     D:4: 275 daAuts
     D:5: 45 daAuts
